 Dungeon Crawl Stone Soup version 0.28.0-1-gb440e238dd (webtiles) character file.

Game seed: 16199431318817151843

189 Conn the Sneak (level 5, 0/32 HPs)
             Began as an Octopode Fire Elementalist on Feb 20, 2022.
             Slain by Sigmund (13 damage)
             ... on level 3 of the Dungeon.
             The game lasted 00:06:04 (3284 turns).

Conn the Sneak (Octopode Fire Elementalist)         Turns: 3284, Time: 00:06:04

Health: 0/32       AC:  1    Str:  7    XL:     5   Next: 68%
Magic:  6/8        EV: 13    Int: 19    God:
Gold:   211        SH:  0    Dex: 13    Spells: 0/9 levels left

rFire   . . .      SeeInvis .   c - +0 dagger
rCold   . . .      Faith    .   (no shield)
rNeg    . . .      Spirit   .   (helmet restricted)
rPois   .          Reflect  .   (no amulet)
rElec   .          Harm     .   (no ring)
rCorr   .          Rampage  .   (no ring)
Will    .....                   (no ring)
Stlth   ++........              (no ring)
HPRegen 0.10/turn               (no ring)
MPRegen 0.11/turn               (no ring)
                                (no ring)
                                (no ring)

@: confused, ambrosia-drunk
A: almost no armour, amphibious, 8 rings, camouflage 1, gelatinous body 1,
(nimble swimmer 1), tentacles
a: no special abilities


You were on level 3 of the Dungeon.
You visited 1 branch of the dungeon, and saw 3 of its levels.

You collected 211 gold pieces.

Inventory:

Hand Weapons
 c - a +0 dagger (weapon)
Missiles
 g - a throwing net
 n - 22 sling bullets
Jewellery
 a - a ring of ice
Scrolls
 b - 2 scrolls of identify {unknown}
 i - a scroll of summoning {unknown}
 m - a scroll of noise {unknown}
Potions
 f - 2 potions of berserk rage {unknown}
 h - a potion of brilliance {unknown}
 j - a potion of magic {unknown}
 k - a potion of might {unknown}
 l - a potion of flight {unknown}


   Skills:
 + Level 0.7 Fighting
 + Level 1.3 Short Blades
 + Level 2.1 Dodging
 + Level 5.1 Stealth
 + Level 2.6 Spellcasting
 + Level 1.7 Conjurations
 + Level 4.0 Fire Magic


You couldn't memorise any spells.
You knew the following spells:

 Your Spells              Type           Power      Damage    Failure   Level
a - Foxfire               Conj/Fire      52%        2x1d6     4%          1
b - Conjure Flame         Conj/Fire      13%        6-21      14%         3
c - Inner Flame           Hex/Fire       10%        N/A       21%         3
e - Scorch                Fire           36%        2d6       4%          2

Your spell library contained the following spells:

 Spells                   Type           Power      Damage    Failure   Level
 Flame Wave               Conj/Fire      13%        2d6       43%         4


Dungeon Overview and Level Annotations

Branches:
Dungeon (3/15)

Altars:

Annotations:
D:3 Sigmund


Innate Abilities, Weirdness & Mutations

You cannot wear most types of armour.
You are amphibious.
You can wear up to eight rings at the same time.
Your skin changes colour to match your surroundings (Stealth+).
Your rubbery body absorbs attacks. (AC +1, EV +1)
((You are camouflaged when in or above water. (Stealth+)))
You have tentacles for arms and can constrict up to eight enemies at once.


Message History

Unknown command.
The foxfire hits something. x2
Casting: Foxfire (safe; 4% risk of failure)
Confirm with . or Enter, or press ? or * to list all spells.
You conjure some foxfire!
Your foxfire dissipates!
Unknown command.
The foxfire hits something but does no damage.
There is an open door here.
Unknown command.
Items here: ) [[ †.
Casting: Foxfire (safe; 4% risk of failure)
Confirm with . or Enter, or press ? or * to list all spells.
You conjure some foxfire!
Unknown command.
The foxfire hits something. x2
Unknown command.
Items here: ) [[ †.
Your extra speed is starting to run out.
Casting: Foxfire (safe; 4% risk of failure)
Confirm with . or Enter, or press ? or * to list all spells.
You conjure some foxfire!
Unknown command.
The foxfire hits something.
The foxfire hits something.
A puff of flame appears from out of thin air!
The puff of flame hits you!
You feel yourself slow down.
Sigmund appears from thin air!
Reactivating autopickup.
Sigmund points at you and mumbles some strange words.
The puff of flame hits you!
It was a potion of ambrosia.
You are confused.
You feel invigorated.
Sigmund points at you and mumbles some strange words.
The magic dart hits you!
* * * LOW HITPOINT WARNING * * *
Sigmund hits you from afar with a +0 scythe!
You die...

# # #.# # #.# #
############### #.# #
#.............# #.#
#.............#######.#
#>.........)........#.#
#.........@.@.#####.#.#######
#........)...................
#.......###########...######.
#.......# ##..# #. #.......#
#..# #. #.......# ##.# #.
#.......###### #.## #.
#............# #..# #.
###.###......# #..# #.


You could see Sigmund.

Vanquished Creatures
  A wyvern skeleton (D:3)
  Robin (D:3)
  6 adders
  3 dart slugs
  4 bats (D:2)
  7 endoplasms
  5 giant cockroaches
  10 goblins
  3 hobgoblins
  4 jackals (D:3)
  2 quokkas
  3 ball pythons
  6 frilled lizards
  7 kobolds
  6 rats
68 creatures vanquished.

Vanquished Creatures (others)
  151 foxfires
  2 plants (D:1)
  4 withered plants (D:1)
157 creatures vanquished.

Grand Total: 225 creatures vanquished

Notes
Turn   | Place    | Note
-------+----------+-------------------------------------------
     0 | D:1      | Conn the Octopode Fire Elementalist began the quest for the
                  | Orb.
     0 | D:1      | Reached XP level 1. HP: 11/11 MP: 3/3
   255 | D:1      | Reached XP level 2. HP: 17/17 MP: 0/5
   759 | D:1      | Found a faded altar of an unknown god.
  1147 | D:2      | Reached XP level 3. HP: 21/21 MP: 4/6
  1488 | D:2      | Reached skill level 3 in Stealth
  1787 | D:2      | Reached XP level 4. HP: 27/27 MP: 3/7
  1935 | D:2      | Reached skill level 4 in Stealth
  2572 | D:3      | Noticed Robin
  2791 | D:3      | Reached XP level 5. HP: 32/32 MP: 2/8
  2882 | D:3      | Reached skill level 1 in Short Blades
  2932 | D:3      | Reached skill level 5 in Stealth
  3109 | D:3      | Killed Robin
  3207 | D:3      | Noticed Sigmund
  3214 | D:3      | Learned a level 3 spell: Conjure Flame
  3218 | D:3      | Learned a level 3 spell: Inner Flame
  3221 | D:3      | Learned a level 2 spell: Scorch
  3284 | D:3      | Slain by Sigmund

Illustrated notes

Levels and vault maps discovered:
D:1:      roderic_octagonal_star, layout_rooms,
          shapermc_ecumenical_altar_flowoftime
D:2:      layout_basic, minmay_fractal_squares_5
D:3:      cheibrodos_pilgrimage, layout_basic, serial_shops,
          nicolae_shop_crystal, minmay_box_of_dots, uniq_robin, uniq_sigmund

Skill      XL: |  1  2  3  4  5 |
---------------+----------------+-----
Stealth        | 3 4 5 |  5.1
Fire Magic     | 4 |  4.0
Short Blades   | 1 |  1.3
Fighting       | |  0.7
Dodging        | |  2.1
Spellcasting   | |  2.6
Conjurations   | |  1.7

Action                   |  1- 3 |  4- 6 || total
-------------------------+-------+-------++-------
Melee: Dagger            |    62 |    31 ||    93
       Tentacles         |    20 |     3 ||    23
       Constrict         |    13 |     7 ||    20
 Cast: Foxfire           |    40 |    52 ||    92
       Scorch            |       |     2 ||     2
       Conjure Flame     |       |     1 ||     1
  Use: Potion            |       |     2 ||     2
 Stab: Sleeping          |     3 |    10 ||    13
Armor: Skin              |     5 |     2 ||     7
Dodge: Dodged            |    20 |    15 ||    35
